 Dungeon Crawl Stone Soup version 0.24-a0-458-gfcb5e6da0e (webtiles) character file.

Game seed: 2388474964118495269

2237 Gynju the Grappler (level 9, -3/84 HPs)
             Began as a Troll Monk on June 27, 2019.
             Was a Believer of Cheibriados.
             Slain by an orc warrior
             ... wielding a +0 long sword
              (6 damage)
             ... on level 8 of the Dungeon.
             The game lasted 00:20:46 (6129 turns).

Gynju the Grappler (Troll Monk)                     Turns: 6129, Time: 00:20:47

Health: -3/84      AC:  6    Str: 25    XL:     9   Next: 14%
Magic:  10/10      EV: 10    Int: 12    God:    Cheibriados [**....]
Gold:   445        SH:  0    Dex: 19    Spells: 8/8 levels left

rFire    . . .     SeeInvis .     - Unarmed
rCold    . . .     Gourm    +   (no shield)
rNeg     . . .     Faith    .   a - +0 robe
rPois    .         Spirit   .   (helmet restricted)
rElec    .         Reflect  .   h - scarf {cloud immunity}
rCorr    .         Harm     .   (gloves unavailable)
MR       .....                  (boots unavailable)
Stlth    ++........             w - amulet of regeneration
HPRegen  1.04/turn              n - +2 ring of intelligence
MPRegen  0.12/turn              (no ring)

@: heavily drained, very slow
A: large, unfitting armour, claws 3, fast metabolism 3, gourmand, regeneration
1, shaggy fur 1, tough skin 3
a: Bend Time, Renounce Religion


You were on level 8 of the Dungeon.
You worshipped Cheibriados.
Cheibriados was pleased with you.
You were hungry.

You visited 2 branches of the dungeon, and saw 9 of its levels.

You collected 445 gold pieces.

Inventory:

Missiles
 f - 120 stones (quivered)
 o - 8 javelins
Armour
 a - a +0 robe (worn)
 h - a scarf of cloud immunity (worn)
Jewellery
 n - a +2 ring of intelligence (left claw)
 w - an amulet of regeneration (around neck)
Wands
 l - a wand of acid (6)
 t - a wand of polymorph (10)
Scrolls
 c - 3 scrolls of enchant weapon
 d - 4 scrolls of amnesia
 g - 5 scrolls of identify
 i - 3 scrolls of teleportation
 j - a scroll of magic mapping
 m - a scroll of remove curse
Potions
 e - 5 potions of curing
 k - 2 potions of ambrosia
 p - 2 potions of lignification
 q - a potion of might {unknown}
 s - a potion of berserk rage
 v - 3 potions of brilliance {unknown}
 x - a potion of flight {unknown}
Comestibles
 b - 11 rations


   Skills:
 + Level 4.3(1.5) Fighting
 + Level 3.6(0.9) Throwing
 + Level 4.3(1.5) Dodging
 - Level 1.0(0.0) Stealth
 - Level 9.2(6.0) Unarmed Combat
 + Level 3.0(0.3) Evocations


You had 8 spell levels left.
You didn't know any spells.
Your spell library was empty.

Dungeon Overview and Level Annotations

Branches:
Dungeon (8/15)             Temple (1/1) D:7
   Lair: D:8-11

Altars:
Ashenzari
Cheibriados
Dithmenos
Elyvilon
Fedhas
Gozag
Hepliaklqana
Kikubaaqudgha
Makhleb
Nemelex Xobeh
Okawaru
Qazlal
Ru
Sif Muna
Trog
Uskayaw
Vehumet
Wu Jian
Yredelemnul
Zin
The Shining One
Beogh

Shops:
D:7 [

Annotations:
D:5 3 runed translucent doors, exclusion: door, Gynju's ghost, amateur DsFi
D:6 2 transporters, shruggingcutely's ghost, novice CeAM


Innate Abilities, Weirdness & Mutations

You are too large for most types of armour.
You have claws for hands.
Your metabolism is lightning-fast.
You like to eat raw meat.
Your natural rate of healing is unusually fast.
You are covered in fur. (AC +1)
You have extremely tough skin. (AC +3)


Message History

The orc warrior hits you with a +0 long sword!
* * * LOW HITPOINT WARNING * * *
The orc priest barely misses you.
You closely miss the orc warrior.
The orc warrior is heavily wounded.
You are feeling hungry.
The orc priest hits you but does no damage.
The orc warrior hits you with a +0 long sword!
* * * LOW HITPOINT WARNING * * *
You closely miss the orc warrior. Your claw misses the orc warrior.
The orc warrior is heavily wounded.
The orc priest hits you with a +0 morningstar!
* * * LOW HITPOINT WARNING * * *
The orc warrior barely misses you.
You claw the orc warrior!
The orc warrior is almost dead.
You closely miss the orc warrior.
The orc warrior is almost dead.
The orc warrior hits you with a +0 long sword.
You die...

.# ##.###
..... #.>>#
#.$.# #...#
####...#
#@oo...#
#o##.#......
#<##.# #####
#.##.#
#.##.#
#.##..
#.#### ..#
###


You could see an orc warrior, an orc priest and an orc.

Vanquished Creatures
  Pikel (D:5)
  Menkaure (D:5)
  Edmund (D:4)
  3 sky beasts
  A phantom (D:5)
  2 centaurs
  14 wights (D:7)
  2 hounds (D:4)
  Jessica (D:3)
  2 iguanas
  2 worker ants
  2 orc wizards
  Ijyb (D:4)
  A worker ant zombie (D:7)
  3 gnolls
  7 adders
  3 shadow imps
  An ooze (D:1)
  A dart slug (D:1)
  5 leopard geckos
  10 orcs
  2 giant cockroaches
  9 goblins
  7 hobgoblins
  16 jackals
  6 kobolds
  3 quokkas
  8 bats
  4 frilled lizards
  A jackal zombie (D:7)
  A leopard gecko skeleton (D:4)
  13 rats
134 creatures vanquished.

Notes
Turn   | Place    | Note
-------+----------+-------------------------------------------
     0 | D:1      | Gynju the Troll Monk began the quest for the Orb.
     0 | D:1      | Reached XP level 1. HP: 22/22 MP: 0/0
   206 | D:1      | Reached XP level 2. HP: 29/29 MP: 1/1
   361 | D:1      | Reached skill level 4 in Unarmed Combat
   468 | D:1      | Reached XP level 3. HP: 27/36 MP: 2/2
  1267 | D:2      | Found an iron altar of Okawaru.
  1304 | D:2      | Found a faded altar of an unknown god.
  1377 | D:1      | Reached XP level 4. HP: 36/44 MP: 3/3
  1399 | D:2      | Reached skill level 5 in Unarmed Combat
  1969 | D:3      | Found a sacrificial altar of Ru.
  1969 | D:3      | Found a bloodstained altar of Trog.
  2001 | D:3      | Noticed Jessica
  2010 | D:3      | Killed Jessica
  2039 | D:3      | Reached XP level 5. HP: 47/50 MP: 4/4
  2319 | D:3      | Reached skill level 6 in Unarmed Combat
  2324 | D:3      | Noticed an ogre
  2535 | D:4      | Noticed Ijyb
  2540 | D:4      | Killed Ijyb
  2555 | D:4      | Noticed Edmund
  2605 | D:4      | Killed Edmund
  2605 | D:4      | Reached skill level 7 in Unarmed Combat
  2605 | D:4      | Reached XP level 6. HP: 46/59 MP: 5/5
  2990 | D:4      | Found a sparkling altar of Nemelex Xobeh.
  3286 | D:5      | Entered Level 5 of the Dungeon
  3430 | D:5      | Noticed Menkaure
  3436 | D:5      | Killed Menkaure
  3436 | D:5      | Reached skill level 8 in Unarmed Combat
  3436 | D:5      | Reached XP level 7. HP: 66/66 MP: 6/6
  3512 | D:5      | Found a deep blue altar of Sif Muna.
  3778 | D:5      | Found a runed translucent gate.
  3780 | D:5      | Found a runed translucent gate.
  3781 | D:5      | Found a runed translucent gate.
  3781 | D:5      | Found a roughly hewn altar of Beogh.
  3782 | D:5      | Noticed Gynju's ghost (amateur DsFi)
  3784 | D:5      | Identified the +11 dagger "Malouhasche" {holy, +Inv rPois
                  | rF+ rC-}
  3925 | D:5      | Reached skill level 9 in Unarmed Combat
  4455 | D:6      | Noticed Pikel
  4473 | D:5      | Killed Pikel
  4473 | D:5      | Reached skill level 1 in Evocations
  4473 | D:5      | Reached XP level 8. HP: 68/75 MP: 6/8
  4665 | D:6      | Noticed shruggingcutely's ghost (novice CeAM)
  4761 | D:6      | Found a transporter.
  4772 | D:6      | Found a transporter.
  5226 | D:7      | Found Eshrieh's Antique Armour Shop.
  5608 | D:7      | Reached XP level 9. HP: 72/84 MP: 10/10
  5611 | D:7      | Found a staircase to the Ecumenical Temple.
  5618 | Temple   | Entered the Ecumenical Temple
  5681 | Temple   | Became a worshipper of Cheibriados the Contemplative
  5681 | Temple   | Reached * piety under Cheibriados
  5681 | Temple   | Reached ** piety under Cheibriados
  6127 | D:8      | HP: 1/84 [orc priest/+0 morningstar (9)]
  6129 | D:8      | Slain by an orc warrior

Levels and vault maps discovered:
D:1:      dpeg_arrival_simpleton_c, layout_basic, grunt_decor_fettered
D:2:      minmay_alternating_diamond, layout_rooms, okawaru_ov_weapons_minmay,
          chequers_ecumenical_altar_simple_redux, minmay_misc_feat_encased,
          roderic_cross_of_infinity
D:3:      layout_basic, gammafunk_temple_overflow_elements, uniq_jessica
D:4:      layout_gridville, nicolae_overflow_crystal_walls, uniq_ijyb,
          uniq_edmund
D:5:      layout_gridville, led_sif_book, first_ration,
          biasface_ghost_orc_armoury, uniq_menkaure
D:6:      layout_loops_ring, gammafunk_ghost_arena, minivault_25, uniq_pikel
D:7:      layout_basic, minmay_temple_entry_drinking_statues, serial_shops,
          nicolae_shop_temple_entry_statues_fountains
D:8:      layout_loops_ring, serial_shops, nicolae_shop_crystal, uniq_harold
Temple:   nicolae_temple_elliptical

Skill      XL: |  1  2  3  4  5  6  7  8  9 |
---------------+----------------------------+-----
Unarmed Combat | 4 5 7 8 9 |  9.2
Fighting       | 3 4 |  4.3
Throwing       | 2 3 |  3.6
Dodging        | 3 4 |  4.3
Evocations     | 1 2 3 |  3.0
Stealth        | |  1.0

Action                   |  1- 3 |  4- 6 |  7- 9 || total
-------------------------+-------+-------+-------++-------
Melee: Unarmed           |    96 |   117 |   197 ||   410
       Punch             |       |     3 |     3 ||     6
Throw: Stone             |     4 |    14 |    60 ||    78
       Throwing net      |       |     1 |       ||     1
  Use: Scroll            |       |    11 |     4 ||    15
 Stab: Sleeping          |     3 |     1 |       ||     4
  Eat: Chunk             |    18 |    17 |    16 ||    51
Armor: Robe              |    26 |    35 |    52 ||   113
Dodge: Dodged            |    45 |    50 |    96 ||   191

Table legend:
 A = Non-vault XP
 B = Vault XP
 C = Vault XP percentage of total XP
 D = Non-vault monster count
 E = Vault monster count
 F = Vault count percentage of total count
                 A         B        C        D         E       F
            +---------+---------+-------+---------+---------+-------
      Total |    2201 |     995 |  31.1 |     125 |       9 |   6.7
            +---------+---------+-------+---------+---------+-------
        D:1 |      96 |       0 |   0.0 |      37 |       0 |   0.0
        D:2 |      29 |       6 |  17.1 |       9 |       4 |  30.8
        D:3 |      78 |      37 |  32.2 |      20 |       1 |   4.8
        D:4 |     150 |     194 |  56.4 |      10 |       2 |  16.7
        D:5 |     508 |     758 |  59.9 |      20 |       2 |   9.1
        D:6 |      14 |       0 |   0.0 |       2 |       0 |   0.0
        D:7 |    1291 |       0 |   0.0 |      26 |       0 |   0.0
        D:8 |      35 |       0 |   0.0 |       1 |       0 |   0.0
            +---------+---------+-------+---------+---------+-------
